 Dungeon Crawl Stone Soup version 0.31.0-12-g77e489cdc1 (webtiles) character file.

Game seed: 9127172677060349716

40005 ripuliukko the Thaumaturge (level 14, -3/70 HPs)
             Began as a Gargoyle Earth Elementalist on Mar 5, 2024.
             Was a High Priest of Vehumet.
             Slain by a +1 war axe of flaming (4 damage)
             ... on level 2 of the Orcish Mines.
             The game lasted 00:26:01 (14351 turns).

ripuliukko the Thaumaturge (GrEE)                  Turns: 14351, Time: 00:26:01

Health: -3/70      AC: 18    Str: 13    XL:     14   Next: 9%
Magic:  27/32      EV: 11    Int: 20    God:    Vehumet [*****.]
Gold:   347        SH:  0    Dex: 10    Spells: 5/41 levels left

rFire   + . .        c - staff of earth
rCold   . . .        (no shield)
rNeg    + + .        q - +1 troll leather armour {Pargi}
rPois   ∞            (no helmet)
rElec   +            j - +0 cloak
rCorr   .            (no gloves)
SInv    .            e - +1 pair of boots {Fly}
Will    +....        v - amulet of magic regeneration
Stlth   ++           H - ring of protection from fire
HPRegen 1.11/turn    F - ring of positive energy
MPRegen 0.63/turn

%: no passive effects
@: about to teleport, flying
A: sickness immunity, AC +10, big wings, negative energy resistance 1,
electricity resistance, torment resistance 1, petrification resistance
a: Renounce Religion


You were on level 2 of the Orcish Mines.
You worshipped Vehumet.
Vehumet was extremely pleased with you.
You visited 5 branches of the dungeon, and saw 17 of its levels.

You collected 1887 gold pieces.
You spent 1540 gold pieces at shops.

Inventory:

Hand Weapons
 a - the +8 mace of Moderation {flame, rElec}
   (You found it on level 3 of the Dungeon)

   rElec:     It insulates you from electricity.
 o - a +0 morningstar of holy wrath
Missiles
 m - 4 throwing nets
 C - 7 curare-tipped darts
Armour
 e - a +1 pair of boots of flying (worn)
 j - a +0 cloak (worn)
 q - a +1 troll leather armour (worn) {Pargi}
Magical Staves
 c - a staff of earth (weapon)
 d - a staff of cold
Jewellery
 v - an amulet of magic regeneration (around neck)
 B - a ring of ice
 F - a ring of positive energy (right hand)
 H - a ring of protection from fire (left hand)
 O - a ring of positive energy
Wands
 b - a wand of acid (29)
 n - a wand of charming (29)
 E - a wand of flame (11)
 M - a wand of roots (4)
Scrolls
 g - 6 scrolls of teleportation
 l - 4 scrolls of enchant weapon
 u - 2 scrolls of poison
 w - 5 scrolls of immolation
 y - 3 scrolls of revelation
 A - a scroll of noise
 G - a scroll of brand weapon
 I - 2 scrolls of fog
 K - 2 scrolls of torment
 N - a scroll of summoning
 P - a scroll of enchant armour
Potions
 f - 7 potions of curing
 h - 4 potions of might
 i - 2 potions of invisibility
 k - a potion of cancellation
 p - 4 potions of brilliance
 r - 4 potions of heal wounds
 s - a potion of attraction
 t - a potion of lignification
 x - 3 potions of mutation
 z - a potion of enlightenment
 D - 2 potions of haste
 J - a potion of resistance {unknown}


   Skills:
 + Level 1.5 Fighting
 + Level 1.3(1.5) Maces & Flails
 + Level 1.0(1.3) Staves
 + Level 3.6 Armour
 - Level 1.7 Dodging
 - Level 2.1 Stealth
 * Level 14.3 Spellcasting
 * Level 9.3 Conjurations
 + Level 5.0 Fire Magic
 + Level 3.3 Ice Magic
 * Level 4.7 Air Magic
 + Level 11.4 Earth Magic
 + Level 5.7 Alchemy
 * Level 6.3 Evocations


You had 5 spell levels left.
You knew the following spells:

 Your Spells              Type           Power      Damage    Failure   Level
a - Sandblast             Erth           100%       2d20      1%          1
d - Freezing Cloud        Conj/Ice/Air   18%        6-21      4%          5
e - Lee's Rapid Deconstr  Erth           37%        3d18*     1%          5
f - Sticky Flame          Fire/Alch      35%        2d7       1%          4
i - Ignite Poison         Fire/Alch      35%        N/A       1%          4
q - Stone Arrow           Conj/Erth      100%       3d13      1%          3
t - Olgreb's Toxic Radia  Alch           37%        N/A       1%          4
w - Bombard               Conj/Erth      35%        9d6       3%          6
W - Brom's Barrelling Bo  Conj/Erth      71%        2d8       1%          4

Your spell library contained the following spells:

 Spells                   Type           Power      Damage    Failure   Level
 Flame Wave               Conj/Fire      43%        2d11      1%          4
 Magic Dart               Conj           100%       1d8       1%          1
 Momentum Strike          Conj/Tloc      66%        3d9       1%          2
 Searing Ray              Conj           100%       2d8       1%          2
 Passwall                 Erth           74%        N/A       1%          3
 Fulminant Prism          Conj/Alch      22%        3d12      1%          4
 Leda's Liquefaction      Alch/Erth      32%        N/A       1%          4
 Petrify                  Alch/Erth      64%        N/A       1%          4
 Swiftness                Air            33%        N/A       2%          3
 Ensorcelled Hibernation  Hex/Ice        42%        N/A       4%          2
 Ozocubu's Armour         Ice            27%        N/A       4%          3
 Animate Armour           Summ/Erth      100%       N/A       5%          4
 Blink                    Tloc           28%        N/A       9%          2
 Lesser Beckoning         Tloc           28%        N/A       9%          2
 Fugue of the Fallen      Necr           14%        N/A       16%         3
 Summon Lightning Spire   Summ/Air       23%        N/A       21%         4
 Manifold Assault         Tloc           14%        N/A       47%         4
 Summon Forest            Summ/Tloc      7%         N/A       83%         5
 Eringya's Noxious Bog    Alch           18%        4d6       21%         6
 Summon Hydra             Summ           7%         N/A       100%        7
 Ignition                 Fire           17%        3d7       100%        8
 Maxwell's Capacitive Co  Air            16%        ∞         100%        8
 Cigotuvi's Dreadful Rot  Necr/Alch/Air  Unusable   N/A       N/A         2

Dungeon Overview and Level Annotations

Branches:
Dungeon (12/15)            Temple (1/1) D:7            Lair (1/5) D:9
    Orc (2/2) D:10            Elf (1/3) Orc:2

Altars:
Ashenzari
Cheibriados
Dithmenos
Elyvilon
Fedhas
Gozag
Hepliaklqana
Kikubaaqudgha
Makhleb
Nemelex Xobeh
Okawaru
Qazlal
Ru
Sif Muna
Trog
Uskayaw
Vehumet
Wu Jian
Xom
Yredelemnul
Zin
The Shining One

Shops:
D:3 :   D:9 *   Orc:1 (   Orc:2 *(*[:

Annotations:
D:5 3 runed translucent doors, ANNNA's ghost, novice MiBe
D:10 2 transporters


Innate Abilities, Weirdness & Mutations

You are immune to sickness and miasma.
Your stone body is resilient. (AC +10)
You are immune to poison.
Your large and strong wings let you fly.
You resist negative energy. (rN+)
You are resistant to electric shocks. (rElec)
You are resistant to unholy torment.
You are immune to petrification.


Message History

Unknown command.
A fire elemental is nearby!
A fire elemental is nearby!
A +1 war axe of flaming comes into view.
Found 18 gold pieces.
Vehumet accepts your kill.
You feel your power returning.
You feel a bit more experienced.
The +1 war axe of flaming closely misses you.
The +1 war axe of flaming hits you.
There is a staircase back to the Mines here.
The +1 war axe of flaming hits you but does no damage.
You fly upwards.
Welcome back to the Orcish Mines!
There is a staircase to the Elven Halls here.
You feel a surge of power!
The stone arrow hits the +1 war axe of flaming but does no damage.
The +1 war axe of flaming hits you but does no damage.
The +1 war axe of flaming hits you! The +1 war axe of flaming burns you.
You feel a surge of power!
The stone arrow hits the +1 war axe of flaming.
The +1 war axe of flaming is lightly damaged.
The +1 war axe of flaming hits you! The +1 war axe of flaming burns you.
You feel a surge of power!
The stone arrow hits the +1 war axe of flaming!
The +1 war axe of flaming is heavily damaged.
The +1 war axe of flaming hits you!!
* * * LOW HITPOINT WARNING * * *
The +1 war axe of flaming burns you.
* * * LOW HITPOINT WARNING * * *
The +1 war axe of flaming hits you but does no damage.
Okay, then.
You feel much better. The +1 war axe of flaming hits you!!
The +1 war axe of flaming burns you.
As you read the scroll of teleportation, it crumbles to dust.
You feel strangely unstable. The +1 war axe of flaming hits you!
* * * LOW HITPOINT WARNING * * *
Unknown command.
The +1 war axe of flaming hits you!
* * * LOW HITPOINT WARNING * * *
The +1 war axe of flaming burns you.
You die...

....## #### #.....# ## ...#.#
####...### # ...###### ##.###.##
# ..## ##.## ##.......## #
...###...# ##.........#### #
#.###...### ##....#......#.###
####....#.# #.......###.#.....
#####.....######.>.....#####.....
.#.#.........#..@(....##.#.......
##...............................
##......#........................
<#...#.##.........###.........)..
....#####..........#..........##.
.....####.........###.........###
.......#........####..........##.
...................#...........##
.................................


You could see a +1 war axe of flaming.

Vanquished Creatures
  An orc warlord (Orc:2)
  Nessos (D:12)
  Josephine (Orc:1)
  An ogre mage (Orc:2)
  Erica (D:10)
  The ghost of
  12345 the Carver, a journeyman TeSu of Wu Jian (Lair:1)
  6 two-headed ogres
  Urug (Orc:2)
  2 orc high priests
  Amaemon (D:8)
  Sonja (Lair:1)
  5 orc knights (Orc:2)
  A deep elf zephyrmancer (Elf:1)
  5 orc sorcerers
  2 cyclopes
  A manticore (D:12)
  6 elephants (Lair:1)
  An orange demon (D:8)
  2 cane toads (Lair:1)
  A gargoyle (D:12)
  Maggie (D:7)
  3 komodo dragons
  A kobold demonologist (D:12)
  4 trolls
  Sigmund (D:3)
  3 slime creatures (D:12)
  27 yaks
  5 water elementals
  2 vampires
  A human (shapeshifter) (D:12)
  7 wraiths
  A shadow (D:10)
  2 basilisks (Lair:1)
  2 wargs (Orc:2)
  10 vampire mosquitoes
  2 acid dragons
  3 water moccasins
  34 orc warriors
  2 black bears
  4 sky beasts
  2 ice beasts
  Pargi (D:3)
  3 centaurs
  7 ogres
  3 wolves (Lair:1)
  A phantom (D:7)
  2 kobold brigands
  2 bullfrogs
  2 gnoll sergeants
  3 scorpions
  7 wights
  14 killer bees
  19 howler monkeys
  2 bombardier beetles
  8 hounds
  A jelly (D:5)
  24 orc priests
  2 iguanas
  2 sleepcaps
  28 orc wizards
  11 adders
  20 gnolls
  2 shadow imps (D:6)
  A ribbon worm (D:2)
  97 orcs
  8 ball pythons
  5 bats
  5 endoplasms
  7 giant cockroaches
  7 goblins
  11 hobgoblins
  4 jackals (D:4)
  22 kobolds
  6 quokkas
  3 frilled lizards
  5 rats
503 creatures vanquished.

Vanquished Creatures (collateral kills)
  16 boulders
16 creatures vanquished.

Vanquished Creatures (others)
  12 boulders
12 creatures vanquished.

Grand Total: 531 creatures vanquished

Notes
Turn   | Place    | Note
-------+----------+-------------------------------------------
     0 | D:1      | ripuliukko the Gargoyle Earth Elementalist began the quest
                  | for the Orb.
     0 | D:1      | Reached XP level 1. HP: 10/10 MP: 3/3
   174 | D:1      | Reached XP level 2. HP: 15/15 MP: 3/5
   428 | D:1      | Found a faded altar of an unknown god.
   744 | D:1      | Reached XP level 3. HP: 19/19 MP: 4/6
  1569 | D:3      | Found a broken altar of Ashenzari.
  1569 | D:3      | Found Peihuank's Book Boutique.
  1593 | D:3      | Learned a level 3 spell: Stone Arrow
  1671 | D:3      | Noticed Sigmund
  1688 | D:3      | Killed Sigmund
  1689 | D:3      | Reached skill level 3 in Spellcasting
  1689 | D:3      | Reached skill level 5 in Earth Magic
  1689 | D:3      | Reached XP level 4. HP: 9/24 MP: 3/9
  1689 | D:3      | Reached XP level 5. HP: 11/28 MP: 3/10
  1780 | D:3      | Found a bloodstained altar of Trog.
  1782 | D:3      | Found a glowing silver altar of Zin.
  1783 | D:3      | Found a shimmering altar of Xom.
  1866 | D:3      | Reached XP level 6. HP: 32/32 MP: 6/11
  2229 | D:3      | Noticed Pargi
  2244 | D:3      | Killed Pargi
  2245 | D:3      | Reached skill level 4 in Spellcasting
  2565 | D:3      | Identified the +8 mace of Moderation {flame, rElec}
  2578 | D:3      | Identified the +2 ring mail of Honour {Fly rCorr Dex+6}
  2652 | D:3      | Reached XP level 7. HP: 37/37 MP: 11/13
  2889 | D:4      | Reached skill level 1 in Staves
  2945 | D:4      | Identified the +8 short sword of Xeor Supa {heavy, rElec
                  | Str+5}
  3142 | D:4      | Found a shadowy altar of Dithmenos.
  3672 | D:5      | Entered Level 5 of the Dungeon
  3675 | D:5      | Reached skill level 5 in Spellcasting
  3780 | D:5      | Reached skill level 1 in Armour
  3785 | D:5      | Reached XP level 8. HP: 42/42 MP: 10/15
  3959 | D:5      | Learned a level 4 spell: Sticky Flame
  4086 | D:5      | Reached skill level 1 in Maces & Flails
  4240 | D:5      | Reached skill level 1 in Fire Magic
  4240 | D:5      | Reached skill level 1 in Ice Magic
  4420 | D:5      | Found a runed translucent gate.
  4421 | D:5      | Found a runed translucent gate.
  4422 | D:5      | Found a runed translucent gate.
  4425 | D:5      | Noticed ANNNA's ghost (novice MiBe)
  4665 | D:6      | Reached skill level 6 in Spellcasting
  4668 | D:6      | Reached skill level 5 in Conjurations
  4668 | D:6      | Reached skill level 1 in Alchemy
  4817 | D:6      | Noticed a two-headed ogre
  4842 | D:5      | Reached XP level 9. HP: 20/46 MP: 14/18
  5032 | D:6      | Killed a two-headed ogre
  5033 | D:6      | Reached skill level 1 in Fighting
  5033 | D:6      | Reached skill level 7 in Spellcasting
  5141 | D:6      | Learned a level 4 spell: Brom's Barrelling Boulder
  5580 | D:7      | Found a staircase to the Ecumenical Temple.
  5657 | Temple   | Entered the Ecumenical Temple
  5675 | Temple   | Became a worshipper of Vehumet
  5933 | D:7      | Reached skill level 8 in Spellcasting
  5933 | D:7      | Reached XP level 10. HP: 51/52 MP: 19/22
  6187 | D:7      | Noticed Maggie
  6210 | D:7      | Killed Maggie
  6963 | D:8      | Reached skill level 1 in Evocations
  7027 | D:8      | Found a shimmering blue altar of Sif Muna.
  7088 | D:8      | Reached * piety under Vehumet
  7088 | D:8      | Offered knowledge of Foxfire by Vehumet.
  7202 | D:8      | Reached skill level 9 in Spellcasting
  7351 | D:8      | Noticed an orange demon
  7355 | D:8      | Noticed Amaemon
  7362 | D:8      | Killed an orange demon
  7385 | D:8      | Killed Amaemon
  7422 | D:8      | Got the Dissertation on Unstable Exhalation
  7823 | D:3      | Bought a Trismegistus Codex for 364 gold pieces
  7828 | D:3      | Learned a level 4 spell: Olgreb's Toxic Radiance
  7834 | D:3      | Learned a level 5 spell: Freezing Cloud
  7839 | D:3      | Learned a level 4 spell: Ignite Poison
  8118 | D:9      | Reached ** piety under Vehumet
  8129 | D:9      | Offered knowledge of Mercury Vapours by Vehumet.
  8134 | D:9      | Reached XP level 11. HP: 56/56 MP: 24/24
  8184 | D:9      | Reached skill level 10 in Earth Magic
  8355 | D:9      | Noticed a two-headed ogre
  8379 | D:9      | Killed a two-headed ogre
  8463 | D:9      | Reached skill level 10 in Spellcasting
  8482 | D:9      | Found Coneat's General Store.
  8488 | D:9      | Bought a potion of haste for 170 gold pieces
  8566 | D:9      | Offered knowledge of Hailstorm by Vehumet.
  8569 | D:9      | Reached skill level 1 in Air Magic
  8609 | D:9      | Found a staircase to the Lair.
  8889 | D:10     | Entered Level 10 of the Dungeon
  8943 | D:10     | Reached *** piety under Vehumet
  9091 | D:10     | Offered knowledge of Airstrike by Vehumet.
  9114 | D:10     | Noticed Erica
  9118 | D:10     | Killed Erica
  9245 | D:10     | Found a sparkling altar of Nemelex Xobeh.
  9436 | D:10     | Found a staircase to the Orcish Mines.
  9450 | D:10     | Reached **** piety under Vehumet
  9519 | D:10     | Found a transporter.
  9528 | D:10     | Found a transporter.
  9528 | D:10     | Noticed a seven-headed hydra
  9537 | D:10     | Found an ancient bone altar of Kikubaaqudgha.
  9561 | D:10     | Noticed a cyclops
  9674 | D:11     | Reached skill level 11 in Spellcasting
  9872 | D:11     | Reached XP level 12. HP: 61/61 MP: 17/27
  9949 | D:11     | Noticed a two-headed ogre
  9953 | D:11     | Killed a two-headed ogre
  9953 | D:11     | Offered knowledge of Inner Flame by Vehumet.
 11325 | D:12     | Noticed Nessos
 11335 | D:12     | Killed Nessos
 11336 | D:12     | Reached skill level 12 in Spellcasting
 11593 | Lair:1   | Entered Level 1 of the Lair of Beasts
 11643 | Lair:1   | Identified the +10 arbalest "Minnanos" {drain, Str+2 Int+4}
 11677 | Lair:1   | Reached skill level 5 in Evocations
 11764 | Lair:1   | Noticed Sonja
 11772 | Lair:1   | Killed Sonja
 11773 | Lair:1   | Reached XP level 13. HP: 65/65 MP: 10/29
 11940 | Lair:1   | Found a runed translucent gate.
 11940 | Lair:1   | Found a runed translucent gate.
 11940 | Lair:1   | Found a runed translucent gate.
 11940 | Lair:1   | Noticed 12345's ghost (journeyman TeSu)
 12321 | Lair:1   | Killed 12345's ghost
 12321 | Lair:1   | Reached ***** piety under Vehumet
 12574 | D:3      | Bought a book of Iron for 416 gold pieces
 12580 | D:3      | Learned a level 5 spell: Lee's Rapid Deconstruction
 12819 | Orc:1    | Entered Level 1 of the Orcish Mines
 12822 | Orc:1    | Offered knowledge of Yara's Violent Unravelling by Vehumet.
 12823 | Orc:1    | Reached skill level 5 in Alchemy
 12888 | Orc:1    | Found Apnuz's Antique Weapon Shop.
 12933 | Orc:2    | Entered Level 2 of the Orcish Mines
 13025 | Orc:2    | Reached skill level 13 in Spellcasting
 13025 | Orc:2    | Noticed Urug
 13030 | Orc:2    | Killed Urug
 13118 | Orc:2    | Noticed an orc warlord
 13127 | Orc:2    | Killed an orc warlord
 13200 | Orc:2    | Found Ylaolis's General Store.
 13235 | Orc:2    | Bought 2 potions of heal wounds for 170 gold pieces
 13323 | Orc:2    | Found Aruotauf's Antique Weapon Shop.
 13352 | Orc:2    | Found Naageebi's General Store.
 13363 | Orc:2    | Bought 2 scrolls of identify for 60 gold pieces
 13363 | Orc:2    | Identified a scroll of acquirement
 13392 | Orc:2    | Found a staircase to the Elven Halls.
 13728 | Orc:2    | Found Adarux's Antique Armour Shop.
 13743 | Orc:2    | Found Fyzomoc's Book Shop.
 13750 | Orc:2    | Bought a book of the Earth for 360 gold pieces
 13912 | Orc:1    | Reached skill level 5 in Fire Magic
 14000 | Orc:1    | Noticed Josephine
 14006 | Orc:1    | Killed Josephine
 14007 | Orc:1    | Reached skill level 14 in Spellcasting
 14007 | Orc:1    | Gained mutation: Your large and strong wings let you fly.
                  | [Gargoyle growth]
 14007 | Orc:1    | Reached XP level 14. HP: 69/70 MP: 12/32
 14009 | Orc:1    | Acquired a staff of earth
 14076 | Orc:1    | Learned a level 6 spell: Bombard
 14149 | Orc:1    | Offered knowledge of Flame Wave by Vehumet.
 14322 | Elf:1    | Entered Level 1 of the Elven Halls
 14351 | Orc:2    | HP: 1/70 [+1 war axe of flaming (15)]
 14351 | Orc:2    | Slain by a +1 war axe of flaming

Illustrated notes

Levels and vault maps discovered:
D:1:      elethiomel_arrival_infinity_welcomes_careful_drivers, layout_rooms,
          shapermc_ecumenical_altar_mp_vishouse
D:2:      layout_basic
D:3:      minmay_general_purpose_star, layout_basic, lemuel_round_altar,
          chequers_temple_overflow_statue_of_worship, serial_shops, shop,
          uniq_pargi, uniq_sigmund
D:4:      layout_loops_ring, marbit_many_paths, serial_forest,
          infiniplex_forest_straight_4, infiniplex_forest_clump_C,
          infiniplex_forest_lined_4_way, infiniplex_forest_straight_3,
          infiniplex_forest_clump_small, infiniplex_forest_clump_tiny,
          infiniplex_forest_zigzag_1, infiniplex_forest_straight_3
D:5:      layout_cave_pools, biasface_ghost_orc_armoury
D:6:      layout_cave_pools, grunt_decor_fettered, nrook_uturn, st_stairs_3
D:7:      layout_gridville, minmay_temple_entry_statues, uniq_maggie
D:8:      kennysheep_housing_project, layout_basic,
          mainiacjoe_overflow_small_starburst, uniq_amaemon
D:9:      layout_cave_pods, lair_entry_dummy, serial_shops, shop
D:10:     layout_cave_pools, nemelex_diamond_rough_becter,
          gammafunk_temple_overflow_arena, hiddenorc2_lemuel,
          nicolae_underground_beach, uniq_erica
D:11:     layout_gridville
D:12:     layout_roguey, uniq_nessos
Temple:   zaba_magenta_temple
Lair:1:   layout_gridlike, ebering_ghost_rock_garden, uniq_sonja
Orc:1:    layout_diamond_mine, serial_shops, nicolae_lakefront_shop,
          mines2_david, uniq_josephine
Orc:2:    grunt_orc_cross, layout_diamond_mine, serial_shops,
          nicolae_shop_window_shopping, nicolae_orc_crystal_geode, uniq_urug
Elf:1:    cheibrodos_elf_bladeworks, layout_loops_cross,
          nicolae_elf_crossing_hall

Skill      XL: |  1  2  3  4  5  6  7  8  9 10 11 12 13 |
---------------+----------------------------------------+-----
Earth Magic    | 4 5 6 7 8 9 10 11 | 11.4
Spellcasting   | 3 4 5 6 8 9 11 12 14 | 14.3
Conjurations   | 2 3 4 5 6 7 8 9 |  9.3
Staves         | 1 |  1.0
Armour         | 1 2 3 |  3.6
Maces & Flails | 1 |  1.3
Fire Magic     | 1 3 4 5 |  5.0
Ice Magic      | 1 2 3 |  3.3
Alchemy        | 1 2 3 4 5 |  5.7
Fighting       | 1 |  1.5
Evocations     | 2 3 5 6 |  6.3
Air Magic      | 2 3 4 |  4.7
Dodging        | |  1.7
Stealth        | |  2.1

Action                     |  1- 3 |  4- 6 |  7- 9 | 10-12 | 13-15 || total
---------------------------+-------+-------+-------+-------+-------++-------
  Melee: Staff             |     7 |     8 |       |       |       ||    15
         Mace              |       |       |    19 |    22 |       ||    41
   Cast: Sandblast         |    51 |    39 |   135 |   189 |    35 ||   449
         Stone Arrow       |       |     3 |    22 |    32 |    36 ||    93
         Brom's Barrelling |       |       |     4 |    29 |     4 ||    37
         Olgreb's Toxic Ra |       |       |       |    44 |    39 ||    83
         Ignite Poison     |       |       |       |    27 |    37 ||    64
         Freezing Cloud    |       |       |       |    17 |    12 ||    29
  Evoke: Wand              |       |       |       |     3 |       ||     3
    Use: Scroll            |       |     8 |     5 |     8 |     6 ||    27
         Potion            |       |       |     1 |     1 |     3 ||     5
 Armour: Robe              |    15 |    23 |       |       |       ||    38
         Troll leather arm |       |       |   132 |   192 |    96 ||   420
  Dodge: Dodged            |    22 |    31 |    75 |   111 |    51 ||   290
